Map: Sequencer LE

Players

LST

  • Race: Zerg Zerg
  • League: Bronze
  • Spawn Location: 7:00

OtheLLo - Winner!

  • Race: Terran Terran
  • League: Gold
  • Spawn Location: 1:00

VOD

Have the link to the VOD?

Description

Time

  • Played on: May 16, 2017, 8:36 a.m.
  • Length: 10:42
Show
View Real Time Build Order
Export as new Build Order

LST Zerg 

Build Orders: Hatch First 

Get SALT Encoding   

  12  0:03  Drone  
  13  0:13  Overlord  
  13  0:17  Drone  
  14  0:34  Drone  
  14  0:35  Drone  
  16  0:36  Drone  
  17  0:56  Hatchery, Drone  
  17  1:01  Drone  
  18  1:06  Extractor  
  17  1:17  Spawning Pool  
  17  1:18  Drone  
  17  1:24  Drone  
  18  1:31  Drone  
  19  1:41  Overlord  
  19  1:59  Overlord  
  19  2:08  Queen x2  
  21  2:10  Zergling x4  
  25  2:21  Drone  
  25  2:22  Drone  
  27  2:23  Metabolic Boost  
  27  2:30  Drone  
  27  2:31  Drone  
  29  2:39  Roach Warren  
  29  2:41  Drone  
  29  2:54  Drone x3  
  32  3:01  Overlord  
  32  3:02  Overlord  
  32  3:32  Roach x2  
  32  3:33  Roach x3  
  42  3:36  Roach  
  44  3:50  Zergling x2  
  44  3:51  Zergling x8  
  42  5:04  Zergling x12  
  42  5:05  Zergling x18  
  42  6:05  Zergling x2  
  42  6:06  Zergling x10  
  42  6:33  Roach x4  
  50  6:43  Drone  
  50  6:44  Drone  
  52  7:14  Roach x4  
  60  7:19  Overlord x2  
  60  7:40  Zergling x2  
  60  7:41  Zergling x10  
  46  8:08  Roach x2  
  46  8:09  Roach x4  
  58  8:16  Zergling x2  
  59  8:20  Queen x2  
  63  8:27  Roach  
  63  8:28  Roach x4  
  73  8:57  Zergling x2  
  73  8:58  Zergling x4  
  73  8:59  Overlord x2  
  73  9:00  Overlord x3  
  76  9:20  Spine Crawler  
  76  9:24  Spine Crawler  
  74  9:39  Roach x5  
  74  9:40  Roach x3  
Show
View Real Time Build Order
Export as new Build Order

OtheLLo Terran - Winner!

Build Orders: Reaper Expand, MMM Bio 

Get SALT Encoding   

  12  0:06  SCV  
  13  0:19  SCV  
  14  0:33  Supply Depot  
  14  0:35  SCV  
  15  0:55  SCV  
  15  0:56  Barracks  
  16  0:58  Refinery  
  16  1:07  SCV  
  17  1:19  SCV  
  18  1:31  SCV  
  19  1:42  Command Center  
  19  1:43  Reaper  
  19  1:45  Supply Depot  
  20  1:52  Orbital Command  
  20  2:35  Barracks  
  21  2:40  Engineering Bay  
  21  2:41  Barracks, SCV  
  21  2:42  Barracks  
  22  2:53  SCV  
  22  2:56  Barracks Tech Lab  
  23  3:01  Orbital Command  
  22  3:08  Refinery  
  22  3:09  Terran Infantry Armor Level 1  
  22  3:11  SCV  
  23  3:28  SCV x2  
  25  3:38  Barracks Reactor x2  
  25  3:39  Barracks Reactor  
  25  3:40  SCV  
  26  3:46  Orbital Command  
  26  3:48  Stimpack  
  26  3:55  SCV  
  27  4:03  Marine  
  27  4:08  SCV  
  28  4:17  Marine x4  
  28  4:18  Marine x2  
  28  4:20  SCV  
  28  4:21  Marine  
  36  4:24  SCV  
  37  4:32  SCV  
  37  4:35  Orbital Command, Marine x2  
  38  4:44  SCV  
  37  4:49  Marine x3  
  37  4:50  Marine x2  
  41  4:52  Marine  
  41  4:56  Marine  
  43  5:02  Supply Depot  
  43  5:03  Supply Depot  
  42  5:23  SCV x2, Marine x2  
  42  5:24  Marine  
  47  5:31  Marine x3  
  47  5:32  Supply Depot, Marine  
  47  5:33  Supply Depot  
  51  5:35  SCV x2  
  51  5:41  Marine  
  54  5:47  SCV x2  
  54  5:48  Factory  
  54  5:49  Combat Shields  
  38  5:57  Marine  
  38  5:58  Marine x5  
  38  5:59  Marine  
  35  6:15  Marine x2  
  35  6:16  Marine x3  
  35  6:20  SCV x2  
  35  6:21  Marine x2  
  36  6:32  SCV x2  
  38  6:33  Marine  
  39  6:40  Bunker  
  39  6:44  Factory Tech Lab  
  39  6:47  SCV x2  
  39  6:51  Marine  
  42  6:59  SCV  
  43  7:07  Terran Infantry Weapons Level 1  
  43  7:08  SCV  
  44  7:11  SCV, Marine x5  
  44  7:12  Marine  
  51  7:20  SCV  
  52  7:29  Supply Depot  
  52  7:39  Siege Tank  
  52  7:41  SCV x2  
  56  7:53  SCV  
  56  7:58  SCV  
  58  8:01  Bunker  
  58  8:05  SCV  
  58  8:06  Starport, Marine x4  
  58  8:07  Marine  
  58  8:10  SCV  
  58  8:11  Command Center  
  65  8:15  Refinery x2  
  65  8:20  SCV  
  65  8:22  SCV  
  65  8:25  Marine  
  65  8:26  Marine x2  
  70  8:32  SCV  
  71  8:35  Siege Tank  
  74  8:56  SCV x2  
  74  9:02  Medivac  
  78  9:22  Medivac, SCV x2, Marine x6  
  78  9:23  Armory  
  88  9:32  Medivac  
  88  9:34  SCV x2  
  92  9:40  Marine  
  93  9:57  Supply Depot x2  
  93  9:58  Marine  
  93  9:59  Supply Depot, Marine x2  
  92  10:00  Supply Depot, Marine  
  92  10:01  SCV  
  92  10:02  Marine  
  93  10:18  Marine  
  94  10:21  SCV x2  
  94  10:24  Marine x4  
  100  10:40  Barracks  
  100  10:42  Barracks  
Tags
 
Add a new tag
Caveats
  • Supply blocks, unpowered buildings, or Contaminate may cause inaccurate times.
  • Supply counts are checked every 10 seconds.